 Dungeon Crawl Stone Soup version 0.28-a0-932-g843f935a50 (webtiles) character file.

Game seed: 15181347125001878622

56 pokeman the Magician (level 3, -1/20 HPs)
             Began as a Deep Elf Hedge Wizard on Nov 27, 2021.
             Slain by a goblin (6 damage)
             ... led by Robin
             ... on level 1 of the Dungeon.
             The game lasted 00:03:11 (1687 turns).

pokeman the Magician (Deep Elf Hedge Wizard)        Turns: 1687, Time: 00:03:12

Health: -1/20      AC:  2    Str:  7    XL:     3   Next: 69%
Magic:  2/11       EV: 12    Int: 19    God:
Gold:   2          SH:  0    Dex: 14    Spells: 1/12 levels left

rFire   . . .      SeeInvis .   e - +0 mace
rCold   . . .      Faith    .   (no shield)
rNeg    . . .      Spirit   .   b - +0 robe
rPois   .          Reflect  .   c - +0 hat
rElec   .          Harm     .   (no cloak)
rCorr   .          Rampage  .   (no gloves)
Will    .....                   (no boots)
Stlth   ++........              (no amulet)
HPRegen 0.06/turn               (no ring)
MPRegen 0.12/turn               (no ring)

@: no status effects
A: no striking features
a: no special abilities


You were on level 1 of the Dungeon.
You visited 1 branch of the dungeon, and saw 2 of its levels.

You collected 30 gold pieces.
You spent 28 gold pieces at shops.

Inventory:

Hand Weapons
 e - a +0 mace (weapon)
Missiles
 g - 9 bolts
Armour
 b - a +0 robe (worn)
 c - a +0 hat (worn)
Scrolls
 a - a scroll of identify
Potions
 d - a potion of haste {unknown}
 f - a potion of ambrosia {unknown}


   Skills:
 - Level 1.0 Fighting
 + Level 1.0 Armour
 + Level 2.4 Dodging
 - Level 2.4 Stealth
 * Level 5.4 Spellcasting
 + Level 1.9 Conjurations
 - Level 1.1 Summonings
 - Level 1.1 Translocations


You had one spell level left.
You knew the following spells:

 Your Spells              Type           Power      Damage    Failure   Level
a - Magic Dart            Conj           48%        1d5       5%          1
b - Mephitic Cloud        Conj/Pois/Air  7%         N/A       26%         3
c - Call Imp              Summ           9%         N/A       12%         2
d - Blink                 Tloc           18%        N/A       12%         2
e - Conjure Flame         Conj/Fire      8%         6-21      24%         3

Your spell library contained the following spells:

 Spells                   Type           Power      Damage    Failure   Level
 Slow                     Hex            20%        N/A       12%         1


Dungeon Overview and Level Annotations

Branches:
Dungeon (2/15)

Altars:

Shops:
D:1 *=

Annotations:
D:2 Robin, Sigmund, Terence


Message History

Aiming: Magic Dart (safe; 5% risk of failure)
Press: ? - help, Shift-Dir - straight line, f/p - goblin
Aim: a goblin, wielding a +0 dagger (strong, 100% to hit)
The magic dart hits the goblin.
The goblin is severely wounded.
A goblin comes into view.
It is wielding a +0 dagger of electrocution.
The goblin misses you. The goblin hits you with a +0 club.
The goblin barely misses you. The goblin completely misses you.
You climb upwards.
There is a stone staircase leading down here.
Unknown command.
Unknown command.
Casting: Magic Dart (safe; 5% risk of failure)
Confirm with . or Enter, or press ? or * to list all spells.
Aiming: Magic Dart (safe; 5% risk of failure)
Press: ? - help, Shift-Dir - straight line, f - goblin
Aim: a goblin, wielding a +0 club and quivering stones (strong, 100% to hit)
The magic dart hits the goblin.
The goblin is heavily wounded.
The goblin hits you with a +0 dagger.
* * * LOW HITPOINT WARNING * * *
The goblin misses you. The goblin closely misses you.
Your magical contamination has completely faded away.
Casting: Magic Dart (safe; 5% risk of failure)
Confirm with . or Enter, or press ? or * to list all spells.
Aiming: Magic Dart (safe; 5% risk of failure)
Press: ? - help, Shift-Dir - straight line, f - goblin, p - goblin
Aim: a goblin, wielding a +0 dagger (severely wounded, strong, 100% to hit)
The magic dart hits the goblin.
You kill the goblin!
Casting: Magic Dart (safe; 5% risk of failure)
Confirm with . or Enter, or press ? or * to list all spells.
Aiming: Magic Dart (safe; 5% risk of failure)
Press: ? - help, Shift-Dir - straight line, f - goblin
Aim: a goblin, wielding a +0 club and quivering stones (heavily wounded, strong, 100% to hit)
The magic dart hits the goblin.
The goblin is almost dead.
The goblin hits you with a +0 club.
You die...

....#.##..#..##.###
......##..#..##.#
...#.........##.#####
......#.........>...#
..#.................#
.....#..######......#
##...#..##..###.....#
.............###g...#
..#.......#...##@)..#
.........##....#....#
...#....##(##..#.####
......#.#(##..##.#
....#.#.###...##.#
......#..........#
.....##.........##
.......†........#
....###.........#


You could see a goblin (strong).

Vanquished Creatures
  An adder (D:2)
  3 bats (D:1)
  4 endoplasms (D:1)
  3 giant cockroaches (D:1)
  7 goblins
  3 hobgoblins (D:1)
  2 jackals (D:2)
  4 quokkas
  4 ball pythons
  2 frilled lizards (D:1)
  2 kobolds (D:1)
  4 rats (D:1)
39 creatures vanquished.

Notes
Turn   | Place    | Note
-------+----------+-------------------------------------------
     0 | D:1      | pokeman the Deep Elf Hedge Wizard began the quest for the
                  | Orb.
     0 | D:1      | Reached XP level 1. HP: 10/10 MP: 7/7
     9 | D:1      | Found Baga's Jewellery Boutique.
   300 | D:1      | Reached XP level 2. HP: 16/16 MP: 6/9
   779 | D:1      | Reached skill level 5 in Spellcasting
   836 | D:1      | Found Qagraos's General Store.
   938 | D:1      | Reached XP level 3. HP: 20/20 MP: 9/11
   942 | D:1      | Learned a level 3 spell: Mephitic Cloud
   945 | D:1      | Learned a level 2 spell: Call Imp
   948 | D:1      | Learned a level 2 spell: Blink
   952 | D:1      | Learned a level 3 spell: Conjure Flame
   992 | D:1      | Bought a scroll of identify for 28 gold pieces
  1126 | D:2      | Noticed Robin
  1128 | D:2      | Noticed Terence
  1283 | D:2      | Noticed Sigmund
  1564 | D:2      | Reached skill level 1 in Fighting
  1676 | D:2      | Reached skill level 1 in Armour
  1687 | D:1      | Slain by a goblin

Illustrated notes

Levels and vault maps discovered:
D:1:      dpeg_arrival_tiny_a, layout_rooms, serial_shops, nicolae_diamond_shop,
          nicolae_shop_statue_plus, minmay_misc_feat_more_columns,
          minmay_misc_feat_square, grunt_decor_cap, minmay_cupped
D:2:      layout_rooms, corexii_corridor_pit, corexii_hall_statues_s,
          uniq_robin, uniq_sigmund, uniq_terence, uniq_natasha

Skill      XL: |  1  2  3 |
---------------+----------+-----
Spellcasting   | 5 |  5.4
Fighting       | 1 |  1.0
Armour         | 1 |  1.0
Dodging        | |  2.4
Stealth        | |  2.4
Conjurations   | |  1.9
Summonings     | |  1.1
Translocations | |  1.1

Action                   || total
-------------------------++-------
Melee: Dagger            ||    15
 Cast: Magic Dart        ||   103
       Blink             ||     2
Armor: Robe              ||     8
Dodge: Dodged            ||    33

Table legend: (Time is in decaauts)
 A = Elapsed time spent in this place.
 B = Non-inter-level travel time spent in this place.
 C = Inter-level travel time spent in this place.
 D = Time resting spent in this place.
 E = Time spent auto-exploring this place.
 F = Levels seen in this place.
 G = Mean time per level.
                   A        B        C        D        E       F      G
               +--------+--------+--------+--------+--------+-----+--------+
         Total |   1689 |   1609 |     80 |    359 |    986 |   2 |  844.5 |
       Dungeon |   1689 |   1609 |     80 |    359 |    986 |   2 |  844.5 |
               +--------+--------+--------+--------+--------+-----+--------+

Top non-repeatable levels by time:
     D:1: 1534 daAuts
     D:2: 155 daAuts
